 Dungeon Crawl Stone Soup version 0.27.0-1-g7a089689b8 (webtiles) character file.

Game seed: 4955349420435929795

47 gothmog the Firebug (level 3, 0/26 HPs)
             Began as a Draconian Fire Elementalist on Aug 13, 2021.
             Succumbed to an adder's poison
             ... on level 2 of the Dungeon.
             The game lasted 00:21:32 (1609 turns).

gothmog the Firebug (Draconian Fire Elementalist)   Turns: 1609, Time: 00:21:33

Health: 0/26       AC:  5    Str: 10    XL:     3   Next: 48%
Magic:  6/6        EV: 12    Int: 15    God:
Gold:   17         SH:  0    Dex: 12    Spells: 2/6 levels left

rFire    . . .     SeeInvis .   d - +0 spear
rCold    . . .     Faith    .   (no shield)
rNeg     . . .     Spirit   .   (armour unavailable)
rPois    .         Reflect  .   (helmet restricted)
rElec    .         Harm     .   (no cloak)
rCorr    .         Rampage  .   (no gloves)
Will     .....                  (no boots)
Stlth    ++........             (no amulet)
HPRegen  0.08/turn              (no ring)
MPRegen  0.10/turn              (no ring)

@: lethally poisoned (0 -> -8)
A: AC +5, unfitting armour, cold-blooded
a: no special abilities


You were on level 2 of the Dungeon.
You visited 1 branch of the dungeon, and saw 2 of its levels.

You collected 17 gold pieces.

Inventory:

Hand Weapons
 a - a +0 whip
 b - a +0 whip
 c - a +0 club
 d - a +0 spear (weapon)
 f - a +0 mace
 g - a +0 dagger
 k - a +0 club
 l - a +0 spear
 n - a +0 hunting sling
Missiles
 j - 47 arrows
Armour
 e - a +0 ring mail
 m - a +0 ring mail
 o - a +0 ring mail
Scrolls
 i - a scroll of enchant weapon {unknown}
Potions
 h - a potion of ambrosia {unknown}
 p - a potion of degeneration {unknown}
 r - a potion of heal wounds {unknown}
 s - a potion of lignification {unknown}


   Skills:
 + Level 0.2 Polearms
 + Level 0.1 Throwing
 + Level 2.4 Dodging
 * Level 2.4 Stealth
 + Level 2.0 Spellcasting
 + Level 1.0 Conjurations
 + Level 3.5 Fire Magic


You had 2 spell levels left.
You knew the following spells:

 Your Spells              Type           Power      Damage    Failure   Level
a - Foxfire               Conj/Fire      32%        2x1d5     9%          1
b - Conjure Flame         Conj/Fire      8%         6-21      26%         3

Your spell library contained the following spells:

 Spells                   Type           Power      Damage    Failure   Level
 Inner Flame              Hex/Fire       6%         N/A       32%         3
 Sticky Flame             Conj/Fire      8%         2d3       65%         4
 Fireball                 Conj/Fire      4%         3d4       94%         5


Dungeon Overview and Level Annotations

Branches:
Dungeon (2/15)

Altars:


Innate Abilities, Weirdness & Mutations

Your plain brown scales are hard. (AC +5)
You cannot fit into any form of body armour.
You are cold-blooded and may be slowed by cold attacks.


Message History

You throw a stone. The stone hits the adder.
The adder is lightly wounded.
You hit the adder. You tail-slap the adder.
The adder is severely wounded.
The adder closely misses you.
You barely miss the adder. The adder bites you.
You are poisoned.
The adder poisons you! The adder barely misses you. x2
You hit the adder.
The adder is heavily wounded.
You feel sick. The adder completely misses you.
The adder bites you but does no damage.
You barely miss the adder.
The adder is heavily wounded.
You feel sick. The adder bites you. The adder barely misses you.
The adder bites you.
You closely miss the adder.
The adder is heavily wounded.
You feel sick. The adder bites you. x2
You are more poisoned.
The adder poisons you! The adder bites you but does no damage.
You miss the adder.
The adder is heavily wounded.
You feel sick.
The adder bites you but does no damage. x2
The adder barely misses you.
You hit the adder.
Your tail-slap misses the adder.
The adder is heavily wounded.
You feel sick. The adder bites you.
* * * LOW HITPOINT WARNING * * *
You are more poisoned.
The adder poisons you! The adder misses you.
The adder bites you but does no damage.
You closely miss the adder.
Your tail-slap misses the adder.
The adder is heavily wounded.
* * * LOW HITPOINT WARNING * * *
You feel very sick. The adder misses you. x2
You miss the adder.
The adder is heavily wounded.
You die...

## ##.#
########..#
..........#
..........#
...(..)SS>#####
########@.....#
#......#.#
#.....)..#
##...#####
#<..# #...#
##.## .# .#


You could see 2 adders.

Vanquished Creatures
  2 dart slugs (D:1)
  6 endoplasms (D:1)
  3 giant cockroaches (D:1)
  2 hobgoblins (D:1)
  6 jackals (D:1)
  6 kobolds
  2 quokkas (D:1)
  A ball python (D:1)
  5 bats (D:1)
  A frilled lizard (D:1)
  2 goblins (D:1)
  A rat (D:1)
37 creatures vanquished.

Vanquished Creatures (others)
  12 foxfires (D:1)
12 creatures vanquished.

Grand Total: 49 creatures vanquished

Notes
Turn   | Place    | Note
-------+----------+-------------------------------------------
     0 | D:1      | gothmog the Draconian Fire Elementalist began the quest for
                  | the Orb.
     0 | D:1      | Reached XP level 1. HP: 14/14 MP: 3/3
   137 | D:1      | Reached XP level 2. HP: 15/20 MP: 1/5
   791 | D:1      | Reached XP level 3. HP: 23/26 MP: 4/6
  1595 | D:2      | Learned a level 3 spell: Conjure Flame
  1609 | D:2      | Succumbed to an adder's poison

Illustrated notes

Levels and vault maps discovered:
D:1:      lightli_arrival_noodles, layout_basic, grunt_decor_arrowhead,
          columned_hall_lemuel, chequers_serial_rivers_room_b
D:2:      layout_loops_ring, shapermc_ecumenical_altar_ellora, basic_altar,
          serial_co_window_serial, co_window_corner_a,
          co_window_of_opportunity_a, co_window_paths_b, co_window_corner_a,
          co_window_paths_a, co_window_corner_a, co_window_of_opportunity_a,
          co_window_corner_a, co_window_paths_b, co_window_corner_b,
          co_window_broadway_a, co_window_paths_e

Skill      XL: |  1 |
---------------+----+-----
Dodging        | 2 |  2.4
Stealth        | 2 |  2.4
Polearms       | |  0.2
Throwing       | |  0.1
Spellcasting   | |  2.0
Conjurations   | |  1.0
Fire Magic     | |  3.5

Action                   || total
-------------------------++-------
Melee: Unarmed           ||    24
       Spear             ||   149
       Tailslap          ||    19
Throw: Stone             ||    13
 Cast: Foxfire           ||    13
 Stab: Sleeping          ||     2
Armor: Skin              ||    78
Dodge: Dodged            ||   137
